 Zot Defence DCSS version 0.15.2 (webtiles) character file.

1407 blackwizard the Caller (level 8, -7/70 HPs)
             Began as a Troll Summoner on May 26, 2017.
             Mangled by a black draconian monk (17 damage)
             ... summoned by a boggart
             ... in the Realm of Zot (Scenario III: Two or Three?).
             The game lasted 00:13:31 (1631 turns).

blackwizard the Caller (Troll Summoner)             Turns: 1631, Time: 00:13:33

HP  -7/70        AC  5     Str 19      XL: 8   Next: 42%
MP   3/14        EV 10     Int 11      God:
Gold 0           SH  0     Dex 10      Spells:  2 memorised, 12 levels left

rFire  . . .     SeeInvis .     j - +0 dagger
rCold  . . .     Clarity  .     a - +0 robe
rNeg   . . .     rCorr    .     (shield restricted)
rPois  .         rRot     .     (helmet restricted)
rElec  .         Spirit   .     (no cloak)
SustAb .         Warding  .     (gloves unavailable)
rMut   .         Stasis   .     (boots unavailable)
Gourm  +                        (no amulet)
MR     .....                    (no ring)
                                (no ring)

@: not resistant to hostile enchantments, very unstealthy
A: unfitting armour, claws 3, fast metabolism 3, gourmand, regeneration 2,
saprovore 2, shaggy fur 1, tough skin 2
a: Make oklob sapling, Make arrow trap, Make plant, Remove Curse, Make burning
bush, Make altar, Make grenades, Make oklob plant, Make net trap


You were in the Realm of Zot.
You were not hungry.

You visited 1 branch

Inventory:

Hand weapons
 j - a +0 dagger (weapon)
Armour
 a - a +0 robe (worn)
Comestibles
 d - 2 meat rations
Scrolls
 i - a scroll of blinking
Potions
 c - a potion of curing
 f - a potion of haste
 g - 2 potions of magic
 h - a potion of berserk rage
Books
 b - a book of Callings

   Spells                             Type                      Level
   *Summon Small Mammal               Summoning                    1
   *Call Imp                          Summoning                    2
   Call Canine Familiar               Summoning                    3
   Summon Guardian Golem              Hexes/Summoning              4
   Summon Lightning Spire             Summoning/Air                4
   Summon Ice Beast                   Ice/Summoning                4


   Skills:
 + Level 1.5 Fighting
 + Level 2.1 Short Blades
 + Level 2.7 Dodging
 - Level 1.1 Stealth
 + Level 4.2 Spellcasting
 + Level 5.9 Summonings


You had 12 spell levels left.
You knew the following spells:

 Your Spells              Type           Power        Failure   Level  Hunger
a - Summon Small Mammal   Summ           ###.         1%          1    #......
b - Call Imp              Summ           ###.....     2%          2    ##.....


Dungeon Overview and Level Annotations

Branches:
    Zot (1/1)

Altars:

Annotations:
Zot Gastronok


Innate Abilities, Weirdness & Mutations

You are too large for most types of armour.
You have claws for hands.
Your metabolism is lightning-fast.
You like to eat raw meat.
You heal very quickly.
You can eat rotten meat.
You are covered in fur (AC +1).
You have very tough skin (AC +2).


Message History

You hear some strange, mumbled words.
Byty jiggles.
The purple draconian scorcher hits the red draconian caller with a dagger.
The red draconian caller mumbles some strange words.
Something barely misses the red draconian caller.
The orc priest hits the swamp drake with a hand axe of flaming.
The orc priest burns the swamp drake.
The swamp drake bites you.
The purple draconian scorcher seems less confused.
The swamp drake disappears in a puff of smoke!
The hound bites the goblin.
The goblin dies!
Something barely misses the black draconian monk.
The hound bites the ball python.
You hit the red draconian caller but do no damage.
The red draconian caller is lightly wounded.
You feel less confused. The black draconian monk hits you.
The black draconian monk kicks you!
* * * LOW HITPOINT WARNING * * *
The black draconian monk tail-slaps you!
You die...

▓▓▓ ▓▓∆▓▓ ▓▓▓..........▓
▓▓▓▓▓▓▓▓▓▓∆▓▓▓▓▓▓▓▓▓▓▓▓........▓
▓▓▓▓▓∆∆∆∆∆∆∆∆∆∆)▓▓▓▓▓▓▓▓.......▓
▓▓▓▓▓▓▓▓▓▓∆▓▓▓▓▓▓▓▓▓▓▓▓........▓
▓▓▓ ▓▓∆▓▓ ▓▓▓oOJg......▓ O.▓▓▓
▓∆∆∆▓ ▓▓▓S.JZ.......▓▓ ....▓▓▓
▓∆∆∆▓ ▓▓▓DJ%K▓▓▓▓▓▓▓▓▓▓
▓▓....▓▓▓▓▓▓▓▓▓.qo.▓▓▓
▓▓▓....▓▓▓▓▓kkq@▓▓▓
▓▓▓..JJbhdkq▓▓▓ ▓▓▓▓▓▓▓▓▓▓S▓▓▓▓▓
..▓....▓▓▓...▓▓▓
..▓.....▓▓.....▓▓▓
...▓▓...▓▓.......▓▓▓▓▓▓▓▓
▓▓..▓...▓▓..............▓▓
▓..▓...▓▓...............▓
▓..▓....▓▓..............▓


You could see a shadow dragon, a black draconian monk (berserk), a green
draconian, a red draconian caller, a purple draconian scorcher, a death drake, a
death cob, a fire drake, a swamp drake, an ogre, a hound (confused), 5 jellies,
an orc priest (confused), an adder, an orc, a bat, a ball python, a kobold and a
griffon skeleton.

Vanquished Creatures
  An orc warrior (Zot)
  A giant frog (Zot)
  A jelly (Zot)
  An adder (Zot)
  A worm (Zot)
  An ooze (Zot)
  2 orcs (Zot)
  3 ball pythons (Zot)
  A hobgoblin (Zot)
  2 jackals (Zot)
  2 kobolds (Zot)
  2 quokkas (Zot)
  5 bats (Zot)
  5 giant newts (Zot)
  4 goblins (Zot)
  3 rats (Zot)
35 creatures vanquished.

Vanquished Creatures (collateral kills)
  4 ogres (Zot)
  Sigmund (Zot)
  A giant frog (Zot)
  2 jellies (Zot)
  2 hounds (Zot)
  An iguana (Zot)
  2 sheep (Zot)
  Ijyb (Zot)
  A green rat (Zot)
  2 adders (Zot)
  2 gnolls (Zot)
  3 giant mites (Zot)
  6 oozes (Zot)
  3 orcs (Zot)
  3 ball pythons (Zot)
  8 hobgoblins (Zot)
  8 jackals (Zot)
  4 quokkas (Zot)
  8 bats (Zot)
  A giant cockroach (Zot)
  A giant gecko zombie (Zot)
  8 giant newts (Zot)
  12 goblins (Zot)
  10 kobolds (Zot)
  3 rats (Zot)
97 creatures vanquished.

Vanquished Creatures (others)
  15 crimson imps (Zot)
  An iron imp (Zot)
  4 shadow imps (Zot)
  12 white imps (Zot)
  A giant gecko (Zot)
  An ooze (Zot)
  An orc (Zot)
  A giant cockroach (Zot)
  10 bats (Zot)
  A goblin (Zot)
  13 rats (Zot)
60 creatures vanquished.

Grand Total: 192 creatures vanquished

Notes
Turn   | Place    | Note
--------------------------------------------------------------
     0 | Zot      | blackwizard, the Troll Summoner, began the quest for the Orb.
     0 | Zot      | Reached XP level 1. HP: 16/16 MP: 2/2
   202 | Zot      | Reached skill level 3 in Summonings
   241 | Zot      | Noticed Byty
   268 | Zot      | Reached XP level 2. HP: 24/24 MP: 1/2
   322 | Zot      | Noticed Kuasush
   414 | Zot      | Reached XP level 3. HP: 31/31 MP: 1/3
   563 | Zot      | Reached XP level 4. HP: 39/39 MP: 2/4
   583 | Zot      | Learned a level 2 spell: Call Imp
   629 | Zot      | Noticed Sigmund
   682 | Zot      | Reached skill level 4 in Summonings
   687 | Zot      | Reached XP level 5. HP: 45/45 MP: 0/6
   818 | Zot      | Noticed an ogre
   828 | Zot      | Noticed Icvam
   991 | Zot      | Reached XP level 6. HP: 53/53 MP: 2/8
  1005 | Zot      | Killed Byty the jelly
  1028 | Zot      | Noticed Zyiny
  1163 | Zot      | Reached skill level 1 in Short Blades
  1165 | Zot      | Reached XP level 7. HP: 57/61 MP: 1/10
  1229 | Zot      | Noticed Gryegex
  1251 | Zot      | Killed Byty the jelly
  1251 | Zot      | Reached skill level 1 in Fighting
  1251 | Zot      | Reached skill level 5 in Summonings
  1332 | Zot      | Noticed Ijyb
  1394 | Zot      | Reached XP level 8. HP: 70/70 MP: 2/12
  1401 | Zot      | Killed Ijyb
  1424 | Zot      | Killed Byty the jelly
  1492 | Zot      | Killed Sigmund
  1507 | Zot      | Noticed a black draconian
  1514 | Zot      | Noticed a white draconian knight
  1515 | Zot      | Noticed a death cob
  1516 | Zot      | Noticed a white draconian monk
  1526 | Zot      | Noticed a moth of wrath
  1527 | Zot      | Noticed a tentacled monstrosity
  1528 | Zot      | Noticed a pale draconian
  1533 | Zot      | Noticed a moth of wrath
  1534 | Zot      | Noticed a moth of wrath
  1543 | Zot      | Noticed Gastronok
  1544 | Zot      | Noticed a fire dragon
  1564 | Zot      | Noticed a red draconian caller
  1566 | Zot      | Noticed a death drake
  1567 | Zot      | Noticed a wind drake
  1567 | Zot      | Noticed a death drake
  1567 | Zot      | Noticed a fire drake
  1596 | Zot      | Noticed a purple draconian scorcher
  1599 | Zot      | Noticed a green draconian
  1602 | Zot      | Noticed a fire drake
  1602 | Zot      | Noticed a death drake
  1602 | Zot      | HP: 3/70 [green draconian/trident[a boggart] (10)]
  1606 | Zot      | Noticed a black draconian monk
  1610 | Zot      | Noticed a shadow dragon
  1630 | Zot      | Noticed a death cob
  1630 | Zot      | Noticed a death drake
  1630 | Zot      | Noticed a fire drake
  1631 | Zot      | Mangled by a black draconian monk

Action                   |  1- 3 |  4- 6 |  7- 9 || total
-------------------------+-------+-------+-------++-------
Melee: Dagger            |   133 |   204 |   247 ||   584
 Cast: Summon Small Mamm |    23 |     2 |       ||    25
       Call Imp          |       |    27 |    27 ||    54
  Use: Potion            |       |       |     3 ||     3
 Stab: Distracted        |     2 |     2 |     1 ||     5
